 Dungeon Crawl Stone Soup version 0.23-b1-51-gfe822ef6ca (webtiles) character file.

Game seed: 8700739152354369823

4621 Majang the Ruffian (level 10, -28/100 HPs)
             Began as a Troll Monk on Feb 4, 2019.
             Was a Priest of Cheibriados.
             Annihilated by a white ugly thing (48 damage)
             ... on level 8 of the Dungeon.
             The game lasted 00:28:56 (7031 turns).

Majang the Ruffian (Troll Monk)                     Turns: 7031, Time: 00:28:57

Health: -28/100    AC: 18    Str: 27    XL:     10   Next: 19%
Magic:  22/22      EV: 11    Int: 17    God:    Cheibriados [***...]
Gold:   569        SH:  0    Dex: 22    Spells: 15/15 levels left

rFire    + + .     SeeInvis .     - Unarmed
rCold    x . .     Gourm    +   (no shield)
rNeg     . . .     Faith    .   e - +0 fire dragon scales
rPois    .         Spirit   .   r - +1 hat
rElec    .         Reflect  .   z - +0 cloak
rCorr    .         Harm     .   (gloves unavailable)
MR       .....                  (boots unavailable)
Stlth    +.........             A - amulet of the acrobat
HPRegen  0.66/turn              p - ring of magical power
MPRegen  0.18/turn              x - +3 ring of protection

@: very slow
A: large, unfitting armour, claws 3, agile 1, fast metabolism 3, gourmand,
mutation resistance 1, regeneration 1, shaggy fur 1, tough skin 3, weak 1
a: Bend Time, Temporal Distortion, Renounce Religion


You were on level 8 of the Dungeon.
You worshipped Cheibriados.
Cheibriados was most pleased with you.
You were completely stuffed.

You visited 2 branches of the dungeon, and saw 9 of its levels.
You also visited: Sewer.

You collected 569 gold pieces.

Inventory:

Missiles
 c - 212 arrows
 B - a throwing net
 D - 9 tomahawks (quivered)
Armour
 a - a +0 robe
 e - +0 fire dragon scales (worn)
 r - a +1 hat (worn)
 z - a +0 cloak (worn)
Jewellery
 p - a ring of magical power (left claw)
 x - a +3 ring of protection (right claw)
 A - an amulet of the acrobat (around neck)
Wands
 k - a wand of polymorph (18)
 I - a wand of iceblast (12)
 J - a wand of scattershot (2)
Scrolls
 d - 3 scrolls of remove curse
 g - a scroll of fog
 m - 6 scrolls of identify
 s - 7 scrolls of teleportation
 w - a scroll of blinking
 C - a scroll of summoning {unknown}
 E - a scroll of vulnerability {unknown}
 F - 2 scrolls of enchant armour {unknown}
Potions
 b - 2 potions of mutation
 f - 3 potions of heal wounds
 h - 2 potions of curing {unknown}
 i - a potion of degeneration {unknown}
 j - a potion of invisibility {unknown}
 l - a potion of lignification
 n - 3 potions of magic
 o - a potion of ambrosia {unknown}
 q - a potion of berserk rage {unknown}
 t - a potion of agility
 u - a potion of flight
 v - a potion of might {unknown}
 G - a potion of haste {unknown}
Comestibles
 y - 15 rations
 H - 3 chunks of flesh


   Skills:
 + Level 6.5 Fighting
 + Level 4.4 Throwing
 + Level 4.1 Armour
 + Level 5.0 Dodging
 - Level 1.0 Stealth
 + Level 7.8 Unarmed Combat
 + Level 3.0 Spellcasting
 + Level 3.0 Invocations


You had 15 spell levels left.
You didn't know any spells.
Your spell library was empty.

Dungeon Overview and Level Annotations

Branches:
Dungeon (8/15)             Temple (1/1) D:6            Lair (0/6) D:8

Altars:
Cheibriados
Dithmenos
Fedhas
Trog
Vehumet
Zin


Innate Abilities, Weirdness & Mutations

You are too large for most types of armour.
You have claws for hands.
Your metabolism is lightning-fast.
You like to eat raw meat.
Your natural rate of healing is unusually fast.
You are covered in fur. (AC +1)
You have extremely tough skin. (AC +3)
You are agile. (Dex +2)
You are somewhat resistant to further mutation.
You are weak. (Str -2)


Message History

The green ugly thing is severely wounded.
You claw the green ugly thing!
The green ugly thing is almost dead.
The green ugly thing barely misses you.
Your fire dragon scales prevents you from hitting the green ugly thing.
You claw the green ugly thing.
You kill the green ugly thing!
Cheibriados thoroughly appreciates the change of pace.
Your Dodging skill increases to level 5!
Your Invocations skill increases to level 3!
You scratch the white ugly thing but do no damage.
The white ugly thing tentacle-slaps you.
The white ugly thing freezes you!!!
You feel a terrible chill!
* * * LOW HITPOINT WARNING * * *
You scratch the white ugly thing.
The white ugly thing is lightly wounded.
The white ugly thing tentacle-slaps you!
* * * LOW HITPOINT WARNING * * *
The white ugly thing freezes you!!!
You feel a terrible chill!
You die...

########
.#....#@#
#!#.#u#u#
!#[..uuG##
§..#!.'.(#
§#....'..#
#.#.#.#..#
.#....#..#
#######.#
######
#..#
#....###


You could see 4 ugly things and a glowing orange brain.

Vanquished Creatures
  Pikel (D:6)
  An ugly thing (D:8)
  A gargoyle (D:7)
  A slime creature (D:7)
  A hungry ghost (D:8)
  Menkaure (D:7)
  An orc warrior (D:7)
  2 ice beasts (D:8)
  A necrophage (D:8)
  3 centaurs
  A wolf (D:5)
  3 ogres
  2 bullfrogs
  2 scorpions
  3 killer bees (D:8)
  A howler monkey (D:4)
  5 crimson imps
  A bullfrog zombie (D:6)
  8 jellies
  4 hounds
  4 orc priests
  3 bullfrog skeletons
  A centaur skeleton (D:4)
  A gnoll shaman (D:5)
  6 orc wizards
  Ijyb (D:3)
  3 iguanas
  4 worker ants
  Natasha (thrice) (D:4)
  A hound skeleton (D:5)
  13 adders
  14 gnolls
  17 oozes
  5 worms
  2 leopard geckos (D:5)
  19 orcs
  15 bats
  8 giant cockroaches
  11 goblins
  6 hobgoblins
  12 jackals
  9 kobolds
  5 quokkas
  3 ball pythons
  8 frilled lizards
  A leopard gecko skeleton (D:4)
  A leopard gecko zombie (D:6)
  A quokka skeleton (D:5)
  9 rats
229 creatures vanquished.

Vanquished Creatures (others)
  A slave (D:6)
  An orc priest (D:6)
  An orc wizard (D:6)
  A leopard gecko (D:6)
  An orc (D:6)
  7 fungi (D:7)
12 creatures vanquished.

Grand Total: 241 creatures vanquished

Notes
Turn   | Place    | Note
-------+----------+-------------------------------------------
     0 | D:1      | Majang the Troll Monk began the quest for the Orb.
     0 | D:1      | Reached XP level 1. HP: 22/22 MP: 0/0
    53 | D:1      | Reached XP level 2. HP: 28/29 MP: 1/1
   983 | D:2      | Reached XP level 3. HP: 37/37 MP: 2/2
  1460 | D:2      | Reached skill level 4 in Unarmed Combat
  1460 | D:2      | Reached XP level 4. HP: 45/45 MP: 3/3
  1621 | D:2      | Reached XP level 5. HP: 45/54 MP: 4/4
  1697 | D:3      | Noticed Ijyb
  1714 | D:3      | Killed Ijyb
  1880 | D:3      | Reached skill level 5 in Unarmed Combat
  2412 | D:4      | Reached XP level 6. HP: 57/62 MP: 5/5
  2687 | D:4      | Reached XP level 7. HP: 47/71 MP: 6/6
  2707 | D:4      | Reached skill level 6 in Unarmed Combat
  2710 | D:4      | Reached skill level 1 in Throwing
  2719 | D:4      | Noticed Natasha
  2724 | D:4      | Killed Natasha
  2862 | D:4      | Reached skill level 5 in Fighting
  2862 | D:4      | Reached skill level 1 in Armour
  3063 | D:4      | Noticed Natasha
  3068 | D:4      | Killed Natasha
  3077 | D:4      | Noticed Natasha
  3084 | D:4      | Killed Natasha
  3218 | D:5      | Entered Level 5 of the Dungeon
  3237 | D:5      | Found a glowing drain.
  3275 | Sewer    | Entered a sewer
  3454 | Sewer    | Reached skill level 1 in Spellcasting
  3938 | D:5      | Reached XP level 8. HP: 47/80 MP: 8/8
  4079 | D:5      | Found a bloodstained altar of Trog.
  4216 | D:5      | Noticed Blork the orc
  4218 | D:5      | Noticed Blork
  4218 | D:5      | Blork the orc changed into Blork the wolf
  4232 | D:5      | Killed Blork the wolf
  4695 | D:6      | Found a staircase to the Ecumenical Temple.
  4709 | D:6      | Noticed Pikel
  4727 | D:6      | Killed Pikel
  4759 | Temple   | Entered the Ecumenical Temple
  4763 | Temple   | Became a worshipper of Cheibriados the Contemplative
  4763 | Temple   | Reached * piety under Cheibriados
  4763 | Temple   | Reached ** piety under Cheibriados
  5143 | D:6      | You fall through a shaft!
  5156 | D:7      | Reached XP level 9. HP: 85/89 MP: 11/11
  5170 | D:7      | Reached skill level 7 in Unarmed Combat
  5235 | D:7      | Noticed a gargoyle
  5249 | D:7      | Killed a gargoyle
  5249 | D:7      | Reached skill level 1 in Invocations
  5381 | D:7      | Noticed Menkaure
  5391 | D:7      | Killed Menkaure
  5473 | D:7      | Gained mutation: You are agile. (Dex +2) [potion of
                  | mutation]
  5473 | D:7      | Gained mutation: You are weak. (Str -2) [potion of
                  | mutation]
  5473 | D:7      | Gained mutation: You are somewhat resistant to further
                  | mutation. [potion of mutation]
  5631 | D:7      | You fall through a shaft!
  5660 | D:8      | Reached *** piety under Cheibriados
  5774 | D:8      | Found a radiant altar of Vehumet.
  6696 | D:8      | Reached XP level 10. HP: 100/100 MP: 13/13
  6717 | D:8      | Found a staircase to the Lair.
  6737 | D:8      | Found a runed translucent gate.
  6737 | D:8      | Found a runed translucent gate.
  6737 | D:8      | Found a runed translucent gate.
  6737 | D:8      | Noticed a glowing orange brain
  6738 | D:8      | Noticed a white ugly thing
  6738 | D:8      | Noticed a purple ugly thing
  6738 | D:8      | Noticed a cyan ugly thing
  6738 | D:8      | Noticed a green ugly thing
  6739 | D:8      | Noticed a white ugly thing
  7029 | D:8      | Killed a green ugly thing
  7029 | D:8      | Reached skill level 5 in Dodging
  7031 | D:8      | Annihilated by a white ugly thing

Skill      XL: |  1  2  3  4  5  6  7  8  9 10 |
---------------+-------------------------------+-----
Fighting       | 3 4 5 6 |  6.5
Unarmed Combat | 4 5 6 7 |  7.8
Throwing       | 1 3 4 |  4.4
Armour         | 1 2 4 |  4.1
Spellcasting   | 1 2 3 |  3.0
Dodging        | 3 4 5 |  5.0
Invocations    | 2 3 |  3.0
Stealth        | |  1.0

Action                   |  1- 3 |  4- 6 |  7- 9 | 10-12 || total
-------------------------+-------+-------+-------+-------++-------
Melee: Unarmed           |   107 |   158 |   395 |    39 ||   699
       Punch             |       |     6 |    17 |     4 ||    27
Throw: Tomahawk          |       |       |     2 |       ||     2
Evoke: Wand              |       |       |     1 |       ||     1
  Use: Scroll            |       |     6 |     3 |       ||     9
       Potion            |       |       |     5 |       ||     5
 Stab: Sleeping          |     8 |       |       |       ||     8
       Distracted        |       |       |     1 |       ||     1
  Eat: Chunk             |    19 |    11 |    39 |     2 ||    71
Armor: Robe              |    38 |    28 |       |       ||    66
       Skin              |       |    13 |    10 |       ||    23
       Fire dragon scale |       |    31 |   222 |     9 ||   262
Dodge: Dodged            |    50 |    60 |   232 |    25 ||   367
